 Dungeon Crawl Stone Soup version 0.28.0-45-g0d030f2227 (webtiles) character file.

Game seed: 577474935383303037

6161 vloertegel the Thaumaturge (level 10, -2/67 HPs)
             Began as a Demonspawn Fire Elementalist on Mar 28, 2022.
             Was an Initiate of Ru.
             Shot with an arrow by a centaur (14 damage)
             ... on level 9 of the Dungeon on Mar 29, 2022.
             The game lasted 01:16:07 (12126 turns).

vloertegel the Thaumaturge (DsFE)                  Turns: 12126, Time: 01:16:07

Health: -2/67      AC:  9    Str:  8    XL:     10   Next: 60%
Magic:  22/23      EV: 10    Int: 28    God:    Ru [......]
Gold:   419        SH: 10    Dex: 13    Spells: 10/27 levels left

rFire   + . .      SeeInvis .   d - +2 mace (vorpal)
rCold   . . .      Faith    .   H - +2 kite shield
rNeg    . . .      Spirit   .   s - +0 troll leather armour
rPois   .          Reflect  .   (no helmet)
rElec   .          Harm     .   G - +0 cloak
rCorr   .          Rampage  .   g - +0 pair of gloves
Will    .....                   (no boots)
Stlth   ..........              j - amulet of regeneration
HPRegen 1.81/turn               h - ring of protection from fire
MPRegen 0.18/turn               v - +6 ring of intelligence

@: slowed, very slow
A: hooves 1, molten scales 2, demonic guardian 1, foul stench 1, no stealth
a: Renounce Religion, Sacrifice Love, Sacrifice Nimbleness, Sacrifice Drink,
Reject Sacrifices


You were on level 9 of the Dungeon.
You worshipped Ru.
Ru was noncommittal.
You visited 2 branches of the dungeon, and saw 10 of its levels.

You collected 419 gold pieces.

Inventory:

Hand Weapons
 d - a +2 vorpal mace (weapon)
 e - a +0 vorpal dagger
 x - a +1 morningstar of venom
 M - a +1 vorpal spear
Missiles
 b - 4 silver boomerangs
Armour
 a - a +0 robe
 c - a +1 scale mail of fire resistance
 f - a +0 robe
 g - a +0 pair of gloves (worn)
 o - a +0 barding
 s - a +0 troll leather armour (worn)
 G - a +0 cloak (worn)
 H - a +2 kite shield (worn)
 I - a +0 leather armour of willpower
 J - a +0 plate armour
 K - a +0 buckler
Magical Staves
 m - a staff of earth
Jewellery
 h - a ring of protection from fire (left hand)
 j - an amulet of regeneration (around neck)
 v - a +6 ring of intelligence (right hand)
 L - a ring of resist corrosion
Wands
 k - a wand of flame (51) (quivered)
 n - a wand of mindburst (11)
Scrolls
 p - 4 scrolls of teleportation {unknown}
 q - 3 scrolls of noise {unknown}
 r - a scroll of summoning {unknown}
 t - a scroll of enchant weapon {unknown}
 u - a scroll of fear
 y - a scroll of fog {unknown}
 A - a scroll of blinking {unknown}
 D - 3 scrolls of identify
 E - a scroll of torment {unknown}
Potions
 i - a potion of might
 l - 2 potions of ambrosia
 w - 5 potions of haste
 z - a potion of curing
 B - a potion of mutation {unknown}
 C - a potion of attraction {unknown}
 F - 2 potions of degeneration {unknown}


   Skills:
 + Level 2.1 Fighting
 + Level 1.5 Maces & Flails
 + Level 1.9 Armour
 + Level 4.0 Dodging
 + Level 2.1 Shields
 + Level 0.5 Unarmed Combat
 + Level 9.4 Spellcasting
 + Level 4.2 Conjurations
 + Level 9.2 Fire Magic
 + Level 1.4 Evocations


You had 10 spell levels left.
You knew the following spells:

 Your Spells              Type           Power      Damage    Failure   Level
a - Foxfire               Conj/Fire      100%       2x1d9     1%          1
b - Scorch                Fire           100%       2d10      1%          2
c - Conjure Flame         Conj/Fire      50%        6-21      3%          3
d - Inner Flame           Hex/Fire       39%        N/A       9%          3
e - Flame Wave            Conj/Fire      50%        2d10      12%         4
f - Sticky Flame          Conj/Fire      50%        2d7       12%         4

Your spell library contained the following spells:

 Spells                   Type           Power      Damage    Failure   Level
 Static Discharge         Conj/Air       25%        N/A       13%         2
 Slow                     Hex            52%        N/A       21%         1
 Ensorcelled Hibernation  Hex/Ice        26%        N/A       30%         2
 Sublimation of Blood     Necr           13%        N/A       30%         2
 Confusing Touch          Hex            13%        N/A       52%         3
 Spider Form              Tmut/Pois      13%        N/A       52%         3
 Vampiric Draining        Necr           13%        2d6       52%         3
 Anguish                  Hex/Necr       6%         N/A       89%         4
 Dispel Undead            Necr           13%        3d9       89%         4
 Petrify                  Tmut/Erth      13%        N/A       89%         4
 Irradiate                Conj/Tmut      12%        3d18      93%         5


Dungeon Overview and Level Annotations

Branches:
Dungeon (9/15)             Temple (1/1) D:4            Lair (0/6) D:9
    Orc (0/2) D:9

Altars:
Ashenzari
Cheibriados
Dithmenos
Elyvilon
Fedhas
Gozag
Hepliaklqana
Kikubaaqudgha
Makhleb
Nemelex Xobeh
Okawaru
Qazlal
Ru
Sif Muna
Trog
Uskayaw
Vehumet
Wu Jian
Xom
Yredelemnul
Zin
The Shining One

Shops:
D:6 *   D:7 :

Annotations:
D:7 2 transporters, Hydra2011's ghost, novice GnWn
D:9 Erica


Innate Abilities, Weirdness & Mutations

You have large cloven feet.
You are mostly covered in molten scales. (AC +3)
A weak demonic guardian rushes to your aid.
You may rarely emit foul miasma when damaged in melee.
You cannot be stealthy.


Message History

The centaur shoots an arrow.
The arrow hits you.
A demonic guardian appears!
You closely miss something. You kick something.
You feel less confused.
The centaur shoots an arrow.
The arrow hits your shadow imp! Something hits you. Something burns you.
Something hits you.
Your shadow imp barely misses the centaur.
The centaur shoots an arrow.
The arrow barely misses your shadow imp.
The arrow hits you! Something hits you! Something burns you.
The centaur shoots an arrow.
The arrow hits your shadow imp.
Your shadow imp dies!
Your shadow imp disappears in a puff of smoke!
Something hits you!
The centaur shoots an arrow.
You block the arrow.
The centaur shoots an arrow.
The arrow hits you!
The centaur shoots an arrow.
The arrow hits you!
Casting: Scorch (safe; 1% risk of failure)
Confirm with . or Enter, or press ? or * to list all spells.
Flames lash something.
The centaur shoots an arrow.
The arrow barely misses you. Something hits you.
The centaur shoots an arrow.
The arrow hits you!
* * * LOW HITPOINT WARNING * * *
The centaur shoots an arrow.
You block the arrow.
The centaur shoots an arrow.
The arrow hits you!
* * * LOW HITPOINT WARNING * * *
Something hits you but does no damage.
The centaur shoots an arrow.
The arrow hits you but does no damage.
The centaur shoots an arrow.
The arrow hits you.
* * * LOW HITPOINT WARNING * * *
The centaur shoots an arrow.
The centaur shoots an arrow.
The arrow hits you!
* * * LOW HITPOINT WARNING * * *
A demonic guardian appears!
You feel better.
The centaur shoots an arrow.
The arrow hits your ufetubus.
The centaur shoots an arrow.
The arrow closely misses your ufetubus. You block the arrow.
Your ufetubus barely misses the centaur.
Your ufetubus completely misses the centaur.
The centaur shoots an arrow.
The arrow closely misses your ufetubus. The arrow hits you!
You die...

... #..#...P.P. ##.#
##.###..P.. #..# #.# ####.#
####.####### #######'######.#
#..........### #....(......##..
#.........c5.# #...........##.'
#..........#.###...........'..#
#..........#...#...........####
#..........###@'...........# #
#..........# ###...........# #
#..........# #####'####### #
#..........# #.# # ###.########
#.# #.# ..# #.# #.# #.#


You could see a centaur (ally target) and a friendly ufetubus (summoned).

Vanquished Creatures
  A hydra (D:6)
  Pikel (D:5)
  Joseph (D:8)
  A troll (D:9)
  Sigmund (D:5)
  4 yaks
  A steam dragon (D:7)
  Edmund (D:6)
  An acid dragon (D:8)
  2 orc warriors
  A hornet zombie (D:6)
  A sky beast (D:6)
  4 black bears
  5 ice beasts
  3 ogres
  3 centaurs
  2 lemures (D:5)
  2 kobold brigands (D:9)
  4 bullfrogs
  3 gnoll sergeants (D:9)
  4 scorpions
  2 jellies
  A gnoll shaman (D:5)
  An orc priest (D:8)
  2 bullfrog skeletons
  4 hounds
  A centaur skeleton (D:6)
  An iguana (D:6)
  10 orc wizards
  9 gnolls
  9 adders
  2 river rats (D:5)
  4 white imps
  4 worms
  4 dart slugs
  18 orcs
  5 endoplasms
  3 giant cockroaches
  9 hobgoblins
  6 jackals
  3 quokkas
  9 ball pythons
  5 bats
  2 frilled lizards
  9 goblins
  5 kobolds
  8 rats
182 creatures vanquished.

Vanquished Creatures (collateral kills)
  A howler monkey (D:5)
  2 gnolls (D:5)
  An orc (D:9)
4 creatures vanquished.

Vanquished Creatures (others)
  An orc wizard (D:5)
  309 foxfires
  4 fungi (D:9)
  6 plants (D:9)
320 creatures vanquished.

Grand Total: 506 creatures vanquished

Notes
Turn   | Place    | Note
-------+----------+-------------------------------------------
     0 | D:1      | vloertegel the Demonspawn Fire Elementalist began the quest
                  | for the Orb.
     0 | D:1      | Reached XP level 1. HP: 13/13 MP: 3/3
   377 | D:1      | Gained mutation: You have large cloven feet. [demonic
                  | ancestry]
   377 | D:1      | Reached XP level 2. HP: 11/19 MP: 0/5
   979 | D:1      | Gained mutation: You are partially covered in molten
                  | scales. (AC +2) [demonic ancestry]
   979 | D:1      | Reached XP level 3. HP: 16/24 MP: 0/6
  1430 | D:1      | Learned a level 2 spell: Scorch
  3067 | D:3      | Reached XP level 4. HP: 25/30 MP: 1/7
  3589 | D:3      | Gained mutation: A weak demonic guardian rushes to your
                  | aid. [demonic ancestry]
  3589 | D:3      | Reached XP level 5. HP: 35/35 MP: 6/9
  4600 | D:4      | Gained mutation: You may rarely emit foul miasma when
                  | damaged in melee. [demonic ancestry]
  4600 | D:4      | Reached XP level 6. HP: 41/41 MP: 3/11
  5073 | D:4      | Found a staircase to the Ecumenical Temple.
  5090 | Temple   | Entered the Ecumenical Temple
  5386 | Temple   | Became a worshipper of Ru the Awakened
  6399 | D:5      | Entered Level 5 of the Dungeon
  6596 | D:5      | Reached XP level 7. HP: 22/46 MP: 1/13
  6931 | D:5      | Noticed Pikel
  6954 | D:5      | Killed Pikel
  6955 | D:5      | Reached skill level 1 in Fighting
  6955 | D:5      | Reached skill level 5 in Spellcasting
  6955 | D:5      | Reached skill level 5 in Fire Magic
  6955 | D:5      | Reached XP level 8. HP: 19/54 MP: 4/16
  7166 | D:5      | Reached skill level 1 in Evocations
  7243 | D:5      | Noticed Sigmund
  7248 | D:5      | Killed Sigmund
  7829 | D:6      | Reached skill level 1 in Maces & Flails
  8261 | D:6      | Gained mutation: You cannot be stealthy. [Ru sacrifice]
  8510 | D:6      | Found Qaddecaal's Fire Supplies.
  8532 | D:6      | Noticed a four-headed hydra
  8542 | D:6      | Gained mutation: You are mostly covered in molten scales.
                  | (AC +3) [demonic ancestry]
  8542 | D:6      | Reached XP level 9. HP: 48/59 MP: 14/19
  8902 | D:6      | Killed a four-headed hydra
  9063 | D:6      | Noticed Edmund
  9066 | D:6      | Killed Edmund
  9427 | D:7      | Found a transporter.
  9431 | D:7      | Found a transporter.
  9447 | D:7      | Noticed Hydra2011's ghost (novice GnWn)
  9849 | D:7      | Found Xoph's Book Shoppe.
  9856 | D:7      | Upgraded the game from 0.28.0-43-g3370ac3207 to
                  | 0.28.0-45-g0d030f2227
 10380 | D:8      | Found an opulent altar of Gozag.
 10420 | D:8      | Reached skill level 1 in Armour
 10420 | D:8      | Reached XP level 10. HP: 60/67 MP: 16/22
 10460 | D:8      | Noticed Joseph
 10506 | D:8      | Killed Joseph
 10658 | D:8      | Reached skill level 1 in Shields
 11068 | D:9      | Found a staircase to the Orcish Mines.
 11326 | D:9      | Noticed Erica
 11718 | D:9      | Learned a level 3 spell: Conjure Flame
 11722 | D:9      | Learned a level 3 spell: Inner Flame
 11734 | D:9      | Learned a level 4 spell: Flame Wave
 11739 | D:9      | Learned a level 4 spell: Sticky Flame
 11762 | D:9      | Found a staircase to the Lair.
 12124 | D:9      | HP: 1/67 [centaur/arrow (12)]
 12126 | D:9      | Shot with an arrow by a centaur

Illustrated notes

Levels and vault maps discovered:
D:1:      giann_horns, layout_basic
D:2:      layout_basic
D:3:      layout_basic
D:4:      layout_cave_pools, temple_statues
D:5:      layout_rooms, lightli_sewer_entry_pipes, minivault_26,
          minmay_a_box_with_orc_wizards_in_it, uniq_sigmund, uniq_pikel
D:6:      layout_basic, chequers_serial_rivers_micro_d, nicolae_shop_fire_sale
          [nicolae_sub_dead_trees], grunt_potential, uniq_edmund
D:7:      layout_loops_ring, gammafunk_ghost_hive, serial_shops, shop
D:8:      layout_rooms, kennysheep_mini, uniq_joseph
D:9:      layout_roguey, grunt_lair_entry_orc_guard_hut,
          kennysheep_orc_monster_closet_entryway, uniq_erica
Temple:   mainiacjoe_temple_starburst

Skill      XL: |  1  2  3  4  5  6  7  8  9 10 |
---------------+-------------------------------+-----
Stealth        | 2 0 |  0.0
Dodging        | 2 3 4 |  4.0
Fire Magic     | 3 4 5 6 8 9 |  9.2
Conjurations   | 2 3 4 |  4.2
Spellcasting   | 3 4 5 6 8 9 |  9.4
Fighting       | 1 2 |  2.1
Evocations     | 1 |  1.4
Maces & Flails | 1 |  1.5
Armour         | 1 |  1.9
Shields        | 2 |  2.1
Unarmed Combat | |  0.5

Action                   |  1- 3 |  4- 6 |  7- 9 | 10-12 || total
-------------------------+-------+-------+-------+-------++-------
Melee: Unarmed           |    39 |       |       |       ||    39
       Kick              |    11 |     6 |     6 |     9 ||    32
       Dagger            |    22 |       |       |       ||    22
       Mace              |     2 |    18 |    31 |    20 ||    71
Throw: Boomerang         |     2 |       |       |       ||     2
 Cast: Foxfire           |    68 |    44 |    52 |    20 ||   184
       Scorch            |     2 |    38 |    90 |    69 ||   199
       Conjure Flame     |       |       |       |     4 ||     4
       Sticky Flame      |       |       |       |     1 ||     1
Invok: Sacrifice Stealth |       |       |     1 |       ||     1
Evoke: Wand              |       |       |     8 |       ||     8
  Use: Scroll            |     2 |     1 |     4 |       ||     7
       Potion            |       |       |       |     4 ||     4
Armor: Robe              |    21 |    13 |    32 |       ||    66
       Leather armour    |       |       |     2 |    23 ||    25
       Troll leather arm |       |       |       |     6 ||     6
Dodge: Dodged            |    52 |    26 |    60 |    33 ||   171
Block: Kite shield       |       |       |    12 |    50 ||    62
